 Dungeon Crawl Stone Soup version 0.29.0-11-gd7f09526c8 (webtiles) character file.

Game seed: 9188445477728274826

8866 SnakkuSnakku7 the Spear-Bearer (level 11, -2/72 HPs)
             Began as a Ghoul Enchanter on Sept 6, 2022.
             Was a Priest of Hepliaklqana.
             Slain by a demonic crawler (5 damage)
             ... on level 9 of the Dungeon.
             The game lasted 00:21:32 (9966 turns).

SnakkuSnakku7 the Spear-Bearer (Ghoul Enchanter)    Turns: 9966, Time: 00:21:33

Health: -2/72      AC: 14    Str: 17    XL:     11   Next: 37%
Magic:  0/12       EV:  9    Int: 10    God:    Hepliaklqana [***...]
Gold:   151        SH:  0    Dex:  9    Spells: 13/13 levels left

rFire   + + .      SeeInvis .   a - +3 bardiche (freeze)
rCold   . . .      Faith    .   (shield currently unavailable)
rNeg    + + +      Spirit   +   g - +0 fire dragon scales
rPois   ∞          Reflect  .   o - +0 hat {Will+}
rElec   .          Harm     .   K - +1 cloak
rCorr   .          Rampage  .   (no gloves)
Will    +....                   n - +1 pair of boots
Stlth   ..........              C - amulet of guardian spirit
HPRegen 0.00/turn               d - +4 ring of slaying
MPRegen 0.13/turn               v - +2 ring of protection

@: about to teleport, inhibited regen
A: reduced essence, claws 1, cold resistance 1, negative energy resistance 3,
inhibited regeneration, torment resistance 2, devour on kill
a: Renounce Religion, Recall Ancestor, Ancestor Identity, Transference


You were on level 9 of the Dungeon.
You worshipped Hepliaklqana.
Hepliaklqana was most pleased with you.
You visited 2 branches of the dungeon, and saw 11 of its levels.

You collected 466 gold pieces.
You spent 315 gold pieces at shops.

Inventory:

Hand Weapons
 a - a +3 bardiche of freezing (weapon)
Missiles
 t - 7 poisoned darts (quivered)
Armour
 g - +0 fire dragon scales (worn)
 n - a +1 pair of boots (worn)
 o - a +0 hat of willpower (worn)
 B - a +0 plate armour
 I - a +0 helmet
 J - a +0 cloak
 K - a +1 cloak (worn)
Jewellery
 d - a +4 ring of slaying (left claw)
 l - a ring of protection from fire
 v - a +2 ring of protection (right claw)
 w - a +6 ring of dexterity
 C - an amulet of guardian spirit (around neck)
 M - a ring of protection from cold
Wands
 b - a wand of light (4)
 c - a wand of flame (102)
 s - a wand of charming (26)
Scrolls
 e - a scroll of torment
 f - a scroll of enchant armour
 h - 2 scrolls of vulnerability
 k - a scroll of poison
 m - 4 scrolls of teleportation
 r - a scroll of magic mapping
 x - a scroll of fear
 E - a scroll of silence
Potions
 i - a potion of cancellation {unknown}
 j - a potion of magic {unknown}
 p - 7 potions of curing {unknown}
 q - 3 potions of flight
 z - a potion of brilliance
 A - a potion of resistance
 G - 2 potions of attraction {unknown}
 H - a potion of ambrosia


   Skills:
 - Level 2.6 Fighting
 - Level 0.8 Short Blades
 + Level 11.8 Polearms
 - Level 4.0 Throwing
 - Level 1.7 Dodging
 - Level 3.2 Stealth
 - Level 11.4 Unarmed Combat
 - Level 1.7 Spellcasting
 - Level 2.4 Hexes


You had 13 spell levels left.
You didn't know any spells.
Your spell library contained the following spells:

 Spells                   Type           Power      Damage    Failure   Level
 Ensorcelled Hibernation  Hex/Ice        6%         N/A       80%         2
 Foxfire                  Conj/Fire      0%         2x1d4     83%         1
 Freeze                   Ice            0%         1d3       83%         1
 Shock                    Conj/Air       0%         1d3       83%         1
 Confusing Touch          Hex            5%         N/A       86%         3
 Tukima's Dance           Hex            5%         N/A       86%         3
 Dazzling Flash           Conj/Hex       6%         N/A       95%         3
 Inner Flame              Hex/Fire       3%         N/A       95%         3
 Conjure Flame            Conj/Fire      0%         6-21      99%         3
 Frozen Ramparts          Ice            0%         1d1       99%         3
 Swiftness                Air            0%         N/A       99%         3
 Airstrike                Air            0%         2d(0-16)  100%        4
 Flame Wave               Conj/Fire      0%         2d4       100%        4
 Hailstorm                Conj/Ice       0%         3d3       100%        4
 Passage of Golubria      Tloc           0%         N/A       100%        4
 Summon Ice Beast         Ice/Summ       0%         N/A       100%        4
 Fireball                 Conj/Fire      0%         3d3       100%        5
 Iskenderun's Battlesphe  Conj           0%         2d6       100%        5
 Yara's Violent Unravell  Hex/Tmut       1%         3d3       100%        5
 Conjure Ball Lightning   Conj/Air       0%         3x3d6     100%        6
 Orb of Destruction       Conj           0%         9d5       100%        7
 Ice Form                 Ice/Tmut       Unusable   N/A       N/A         4

Dungeon Overview and Level Annotations

Branches:
Dungeon (10/15)            Temple (1/1) D:5            Lair (0/5) D:9
    Orc: D:9-12

Altars:
Ashenzari
Cheibriados
Dithmenos
Fedhas
Gozag
Hepliaklqana
Kikubaaqudgha
Makhleb
Nemelex Xobeh
Okawaru
Qazlal
Ru
Sif Muna
Trog
Uskayaw
Vehumet
Wu Jian
Xom
Yredelemnul

Shops:
D:3 =   D:4 !=*[[   D:5 :!

Annotations:
D:7 4 runed translucent doors
D:8 3 runed translucent doors, rumses's ghost, novice HOFi


Innate Abilities, Weirdness & Mutations

Your life essence is reduced to manifest your ancestor. (-10% HP)
You are immune to poison.
You have sharp fingernails.
Your flesh is cold resistant. (rC+)
You are immune to negative energy. (rN+++)
You do not regenerate when monsters are visible.
You are immune to unholy pain and torment.
You thrive by killing the living.


Message History

* * * LOW HITPOINT WARNING * * *
The demonic crawler hits you but does no damage.
The demonic crawler barely misses you.
You hit the demonic crawler but do no damage.
The demonic crawler is moderately wounded.
The demonic crawler barely misses you. The demonic crawler closely misses you.
The demonic crawler hits you.
* * * LOW HITPOINT WARNING * * *
You hit the demonic crawler but do no damage.
The demonic crawler is moderately wounded.
The demonic crawler closely misses you. The demonic crawler hits you.
* * * LOW HITPOINT WARNING * * *
The demonic crawler closely misses you. The demonic crawler hits you!
* * * LOW HITPOINT WARNING * * *
The demonic crawler hits you!
* * * LOW HITPOINT WARNING * * *
The demonic crawler hits you but does no damage.
You feel much better. The demonic crawler barely misses you.
The demonic crawler hits you but does no damage. x2
As you read the scroll of teleportation, it crumbles to dust.
You feel strangely unstable.
The demonic crawler shrieks in warning!
The demonic crawler hits you.
The demonic crawler barely misses you. x2
The demonic crawler attacks as you move away!
The demonic crawler hits you.
* * * LOW HITPOINT WARNING * * *
The demonic crawler closely misses you.
The demonic crawler hits you but does no damage.
The demonic crawler attacks as you move away!
The demonic crawler hits you.
* * * LOW HITPOINT WARNING * * *
The demonic crawler hits you.
* * * LOW HITPOINT WARNING * * *
The demonic crawler hits you but does no damage.
The demonic crawler hits you.
* * * LOW HITPOINT WARNING * * *
The demonic crawler hits you!
* * * LOW HITPOINT WARNING * * *
The demonic crawler hits you.
You die...

#...........###.......#
#.....))##### #.......#
#.......# ###.#####
#####.### #..# #.## ##.#
#..# #.# ##########+#### #.#
#.............# ####.#####
#..........@..# #........#
#..........s..# #=.......#
#.............#####........#
#..........>..#............#
#.............#)###.........
#.........<...'!# #...>....#
#.............### #........#
############+## ###....###
#......# ####.######


You could see a demonic crawler.

Vanquished Creatures
  Gastronok (D:9)
  A fire dragon (D:9)
  Pikel (D:9)
  Grinder (D:3)
  Prince Ribbit (D:7)
  Sigmund (D:2)
  A wraith (D:9)
  2 wyverns
  2 steam dragons (D:8)
  Grum (D:8)
  2 swamp worms (D:10)
  3 orc warriors
  A black bear (D:7)
  A sky beast (D:7)
  2 ice beasts
  2 ogres (D:5)
  A wolf (D:8)
  2 centaurs (D:5)
  A lemure (D:9)
  A kobold brigand (D:8)
  2 gnoll sergeants (D:5)
  5 bullfrogs
  A necrophage (D:7)
  4 scorpions
  4 wights (D:7)
  6 killer bees
  4 howler monkeys
  3 jellies
  4 orc priests
  2 hounds (D:5)
  Crazy Yiuf (D:7)
  A gnoll bouda (D:7)
  7 orc wizards
  2 iguanas
  5 adders
  20 gnolls
  A shadow imp (D:6)
  4 white imps
  An ufetubus (D:6)
  3 worms
  2 dart slugs (D:1)
  26 orcs
  4 ball pythons
  4 bats
  5 endoplasms
  3 giant cockroaches
  6 goblins
  6 hobgoblins
  6 kobolds
  A quokka (D:3)
  A frilled lizard (D:3)
  10 rats
182 creatures vanquished.

Vanquished Creatures (collateral kills)
  A two-headed ogre (D:9)
  3 yaks (D:9)
  A wolf (D:8)
  A centaur (D:7)
  A phantom (D:7)
  A gnoll sergeant (D:8)
  7 killer bees
  2 orc wizards (D:9)
  2 gnolls (D:8)
  7 orcs
  A kobold (D:8)
27 creatures vanquished.

Vanquished Creatures (others)
  2 battlemagi
  2 ancestors
  A goblin (D:4)
  3 plants (D:10)
8 creatures vanquished.

Grand Total: 217 creatures vanquished

Notes
Turn   | Place    | Note
-------+----------+-------------------------------------------
     0 | D:1      | SnakkuSnakku7 the Ghoul Enchanter began the quest for the
                  | Orb.
     0 | D:1      | Reached XP level 1. HP: 14/14 MP: 2/2
   153 | D:1      | Found a faded altar of an unknown god.
   157 | D:1      | Reached skill level 1 in Fighting
   157 | D:1      | Reached skill level 1 in Unarmed Combat
   157 | D:1      | Reached XP level 2. HP: 23/23 MP: 3/3
   523 | D:1      | Reached XP level 3. HP: 20/29 MP: 4/4
   810 | D:2      | Noticed Sigmund
  1357 | D:2      | Reached XP level 4. HP: 33/37 MP: 5/5
  1679 | D:3      | Found Fuhit's One-of-a-Kind Rings.
  1687 | D:3      | Bought a +2 ring of protection for 120 gold pieces
  1778 | D:3      | Noticed Grinder
  1790 | D:3      | Paralysed by Grinder for 2 turns
  1808 | D:3      | Paralysed by Grinder for 5 turns
  1819 | D:3      | Paralysed by Grinder for 3 turns
  1848 | D:3      | Paralysed by Grinder for 3 turns
  2235 | D:3      | Paralysed by Grinder for 3 turns
  2242 | D:3      | Paralysed by Grinder for 4 turns
  2251 | D:3      | Paralysed by Grinder for 5 turns
  2259 | D:3      | Killed Grinder
  2260 | D:3      | Reached XP level 5. HP: 19/42 MP: 6/6
  2260 | D:3      | Reached XP level 6. HP: 23/50 MP: 7/7
  2502 | D:3      | Found a faded altar of an unknown god.
  2508 | D:3      | Found a broken altar of Ashenzari.
  2893 | D:2      | Killed Sigmund
  2894 | D:2      | Reached skill level 5 in Unarmed Combat
  2894 | D:2      | Reached XP level 7. HP: 41/56 MP: 8/8
  3372 | D:4      | Found Bytsu's Assorted Antiques.
  3413 | D:4      | Bought a smoky clear potion for 21 gold pieces
  3413 | D:4      | Bought a scroll labelled IFU YNEFO VIG for 24 gold pieces
  3413 | D:4      | Bought a scroll labelled MIMPOBLIMIBRO for 24 gold pieces
  3458 | D:4      | Found Wuphuck's Distillery.
  3537 | D:4      | Found Ycradeq's Jewellery Boutique.
  3578 | D:4      | Found Zaod's Armour Shoppe.
  3578 | D:4      | Found Baoraug's Antique Armour Shoppe.
  4042 | D:5      | Entered Level 5 of the Dungeon
  4167 | D:5      | Found Xicaghorr's Distillery.
  4340 | D:5      | Reached XP level 8. HP: 62/62 MP: 7/9
  4399 | D:5      | Found a blossoming altar of Fedhas.
  4402 | D:5      | Found a basalt altar of Yredelemnul.
  4408 | D:5      | Found Facziqad's Vocational Training.
  4879 | D:5      | Found a staircase to the Ecumenical Temple.
  4926 | D:5      | Reached skill level 10 in Unarmed Combat
  4947 | Temple   | Entered the Ecumenical Temple
  5018 | Temple   | Became a worshipper of Hepliaklqana the Forgotten
  5665 | D:5      | Reached XP level 9. HP: 50/68 MP: 8/10
  6209 | D:6      | Reached * piety under Hepliaklqana
  6293 | D:7      | Found a large runed translucent door.
  6293 | D:7      | Found a large runed translucent door.
  6337 | D:7      | Noticed a deep elf pyromancer
  6345 | D:7      | Reached skill level 1 in Polearms
  6482 | D:4      | Bought a helmet for 126 gold pieces
  6700 | D:7      | Found a large runed translucent door.
  6700 | D:7      | Found a large runed translucent door.
  6940 | D:7      | Reached skill level 5 in Polearms
  6988 | D:7      | Noticed Prince Ribbit
  6994 | D:7      | Killed Prince Ribbit
  7157 | D:7      | Reached XP level 10. HP: 53/66 MP: 7/11
  7441 | D:7      | Found a runed translucent door.
  7442 | D:7      | Noticed Crazy Yiuf
  7497 | D:7      | Killed Crazy Yiuf
  7579 | D:8      | Found a runed translucent gate.
  7579 | D:8      | Found a runed translucent gate.
  7579 | D:8      | Found a runed translucent gate.
  7580 | D:8      | Noticed rumses's ghost (novice HOFi)
  7652 | D:8      | Noticed Grum
  7657 | D:8      | Killed Grum
  8128 | D:8      | Reached ** piety under Hepliaklqana
  8129 | D:8      | Remembered your ancestor cirHappy as a battlemage
  8865 | D:9      | Noticed Pikel
  8878 | D:9      | Killed Pikel
  8932 | D:9      | Noticed a fire dragon
  8937 | D:9      | Found a staircase to the Lair.
  8944 | D:9      | Killed a fire dragon
  9021 | D:9      | Noticed Gastronok
  9035 | D:9      | Killed Gastronok
  9036 | D:9      | Reached skill level 10 in Polearms
  9036 | D:9      | Reached XP level 11. HP: 55/72 MP: 8/12
  9472 | D:9      | Found a bloodstained altar of Trog.
  9553 | D:9      | Noticed a two-headed ogre
  9562 | D:9      | Killed a two-headed ogre
  9580 | D:9      | Reached *** piety under Hepliaklqana
  9827 | D:10     | Entered Level 10 of the Dungeon
  9961 | D:9      | HP: 1/72 [demonic crawler (6)]
  9966 | D:9      | HP: 3/72 [demonic crawler (8)]
  9966 | D:9      | Slain by a demonic crawler

Illustrated notes

Levels and vault maps discovered:
D:1:      lightli_arrival_maybe_door_vault, layout_basic,
          nicolae_ecumenical_snake_handling
D:2:      layout_basic, uniq_sigmund
D:3:      layout_basic, nicolae_overflow_ecumenical_swirl,
          chequers_decorated_corner, solitary_fountain,
          nicolae_shop_unique_rings, nicolae_concentric_dashed_squares_wild,
          uniq_grinder
D:4:      layout_basic, serial_shops, shop, nicolae_shop_crystal, shop, shop,
          nicolae_shop_stone, lemuel_old_faithful
D:5:      layout_cave_pods, mainiacjoe_overflow_large_starburst,
          minmay_temple_entry_purple_smoke, serial_shops,
          nicolae_shop_advertising_works [nicolae_subvault_shop_adworks],
          nicolae_shop_vocational
D:6:      layout_rooms, nicolae_figureground_pulse
D:7:      layout_loops_ring, minmay_hollow_rounded_squares,
          uniq_crazy_yiuf_cottage, uniq_prince_ribbit1
D:8:      layout_basic, gammafunk_ghost_nasty_kobolds, uniq_grum
D:9:      layout_roguey, trog_book, mainiacjoe_overflow_six_doors_small,
          minmay_lair_entry_lava, uniq_pikel, uniq_gastronok
D:10:     layout_roguey, worms_lemuel, uniq_maggie, uniq_fannar
Temple:   minmay_temple_bridge_d

Skill      XL: |  1  2  3  4  5  6  7  8  9 10 11 |
---------------+----------------------------------+-----
Fighting       | 1 2 |  2.6
Unarmed Combat | 1 2 4 5 7 10 11 | 11.4
Throwing       | 2 3 4 |  4.0
Polearms       | 6 10 11 | 11.8
Short Blades   | |  0.8
Dodging        | |  1.7
Stealth        | |  3.2
Spellcasting   | |  1.7
Hexes          | |  2.4

Action                   |  1- 3 |  4- 6 |  7- 9 | 10-12 || total
-------------------------+-------+-------+-------+-------++-------
Melee: Dagger            |    46 |       |       |       ||    46
       Unarmed           |    73 |   106 |   300 |     4 ||   483
       Punch             |     2 |     1 |    16 |       ||    19
       Bardiche          |       |       |       |   157 ||   157
Throw: Dart              |       |     4 |    13 |     9 ||    26
Invok: Ancestor Identity |       |       |     1 |       ||     1
       Recall Ancestor   |       |       |       |     2 ||     2
       Ancestor Life: Ba |       |       |       |     1 ||     1
Evoke: Wand              |       |       |     8 |       ||     8
  Use: Potion            |       |     6 |       |     2 ||     8
       Scroll            |       |       |    13 |    12 ||    25
 Stab: Sleeping          |     7 |       |       |       ||     7
       Invisible         |       |     3 |       |       ||     3
       Distracted        |       |       |     1 |     1 ||     2
Armor: Robe              |    20 |       |       |       ||    20
       Chain mail        |    15 |    58 |    75 |       ||   148
       Plate armour      |       |       |    92 |   140 ||   232
       Fire dragon scale |       |       |       |    44 ||    44
Dodge: Dodged            |    65 |    28 |    64 |    69 ||   226
